 Dungeon Crawl Stone Soup version 0.30-a0-385-gfebfb9b408 (webtiles) character file.

Game seed: 2780543310761039436

2200331 ragingrage the Rapturous (level 27, 241/241 HPs)
             Began as an Armataur Brigand on Dec 3, 2022.
             Was a Follower of Uskayaw.
             Escaped with the Orb
             ... and 4 runes!
             The game lasted 02:34:00 (79275 turns).

ragingrage the Rapturous (Armataur Brigand)        Turns: 79275, Time: 02:34:01

Health: 241/241    AC: 47    Str: 17 (18) XL:     27
Magic:  30/30      EV: 13    Int: 15 (17) God:    Uskayaw [*.....]
Gold:   4270       SH: 42    Dex: 31      Spells: 20/26 levels left

rFire   + + .      SeeInvis +    a - +9 demon blade (freeze)
rCold   + . .      Faith    .    O - +18 shield of the Gong {rElec rN+ Will+ EV-5}
rNeg    + . .      Spirit   .    u - +11 chain mail of a Million Seers {Will- Regen+ Dex+4}
rPois   +          Reflect  +    S - +2 helmet {SInv}
rElec   +          Harm     .    f - +2 cloak {rCorr}
rCorr   +          Roll     +    U - +2 pair of gloves {Dex+3}
Will    +++++                    R - +1 barding "Odwuitru" {rPois Will++ rCorr Dex-3}
Stlth   ++........               l - amulet of Peor {Reflect rPois rF++ SH+5 SInv}
HPRegen 1.40/turn                G - ring of Tuxylese {EV+4 Dex+6}
MPRegen 0.22/turn                W - ring of the Bespelled God {rC+ EV+4}

@: studying Armour
A: large, rugged brown scales 3, deformed body, armoured tail, roll, long
tongue, awkward tongue, clever 1, deterioration 2, frail 1, low MP 2,
strong-willed 1, evolution 1, noise suppression
0: Orb of Zot
}: 4/15 runes: barnacled, slimy, silver, gossamer
a: Renounce Religion, Stomp


You escaped.
You worshipped Uskayaw.
Uskayaw was greatly pleased with you.
You visited 12 branches of the dungeon, and saw 54 of its levels.
You also visited: Ossuary, Ice Cave and Wizlab.

You collected 11763 gold pieces.
You spent 7493 gold pieces at shops.

Inventory:

Hand Weapons
 a - a +9 demon blade of freezing (weapon)
 b - a +5 quick blade of draining
 e - a +4 scimitar of holy wrath
Missiles
 g - 7 throwing nets (quivered)
 B - 5 silver javelins
Armour
 f - a +2 cloak of preservation (worn)
 u - the +11 chain mail of a Million Seers (worn) {Will- Regen+ Dex+4}
   (You found it on level 1 of the Depths)

   Dex:       It affects your dexterity (+4).
   Regen:     It increases your rate of health regeneration.
   Will:      It decreases your willpower.
 O - the +18 shield of the Gong (worn) {rElec rN+ Will+ EV-5}
   (You found it on level 10 of the Dungeon)

   It is deafeningly noisy when blocking attacks.
   EV:        It affects your evasion (-5).
   rElec:     It insulates you from electricity.
   rN:        It protects you from negative energy.
   Will:      It increases your willpower.
 R - the +1 barding "Odwuitru" (worn) {rPois Will++ rCorr Dex-3}
   (You acquired it on level 6 of the Dungeon)

   Dex:       It affects your dexterity (-3).
   rPois:     It protects you from poison.
   rCorr:     It protects you from acid and corrosion.
   Will:      It greatly increases your willpower.
 S - a +2 helmet of see invisible (worn)
 U - a +2 pair of gloves of dexterity (worn)
Jewellery
 l - the amulet of Peor (around neck) {Reflect rPois rF++ SH+5 SInv}
   (You took it off a deep elf demonologist on level 3 of the Elven Halls)

   [amulet of reflection]

   It reflects blocked missile attacks.
   rF:        It greatly protects you from fire.
   rPois:     It protects you from poison.
   SInv:      It lets you see invisible.
   SH:        It affects your SH (+5).
 G - the ring of Tuxylese (left hand) {EV+4 Dex+6}
   (You found it on level 5 of the Pits of Slime)

   [ring of evasion]

   EV:        It affects your evasion (+4).
   Dex:       It affects your dexterity (+6).
 W - the ring of the Bespelled God (right hand) {rC+ EV+4}
   (You acquired it on level 6 of the Dungeon)

   [ring of evasion]

   EV:        It affects your evasion (+4).
   rC:        It protects you from cold.
Wands
 j - a wand of mindburst (30)
 p - a wand of flame (99)
 y - a wand of digging (18)
 E - a wand of iceblast (55)
 I - a wand of charming (24)
 M - a wand of quicksilver (40)
Scrolls
 i - 4 scrolls of silence
 k - 8 scrolls of amnesia
 m - 14 scrolls of fear
 o - 31 scrolls of teleportation
 q - 7 scrolls of poison
 s - 3 scrolls of enchant armour
 t - 4 scrolls of immolation
 D - 6 scrolls of magic mapping
 H - 6 scrolls of vulnerability
 L - 3 scrolls of brand weapon
 N - 11 scrolls of butterflies
 P - 7 scrolls of summoning
 Y - 11 scrolls of blinking
Potions
 h - 7 potions of ambrosia
 n - 7 potions of attraction
 r - 17 potions of curing
 v - 7 potions of might
 w - 4 potions of berserk rage
 x - 3 potions of resistance
 z - 9 potions of brilliance
 A - 10 potions of lignification
 C - 8 potions of invisibility
 J - 6 potions of cancellation
 Q - 3 potions of magic
 T - 9 potions of mutation
 V - 6 potions of heal wounds
 X - a potion of flight
 Z - 5 potions of haste
Miscellaneous
 c - a phantom mirror
 d - a box of beasts
 F - a phial of floods
 K - a condenser vane


   Skills:
 + Level 20.9 Fighting
 - Level 12.1(15.8) Short Blades
 - Level 16.4(18.0) Long Blades
 - Level 9.0 Throwing
 + Level 22.9 Armour
 - Level 8.0 Dodging
 - Level 15.0 Stealth
 + Level 21.3 Shields
 - Level 13.0 Translocations
 + Level 23.4 Invocations
 - Level 14.0 Evocations


You had 20 spell levels left.
You knew the following spells:

 Your Spells              Type           Power      Damage    Failure   Level
a - Passage of Golubria   Tloc           39%        N/A       7%          4
b - Blink                 Tloc           78%        N/A       1%          2

Your spell library contained the following spells:

 Spells                   Type           Power      Damage    Failure   Level
 Apportation              Tloc           78%        N/A       1%          1
 Gell's Gravitas          Tloc           39%        N/A       1%          3
 Lesser Beckoning         Tloc           78%        N/A       1%          3
 Teleport Other           Tloc           39%        N/A       1%          3
 Momentum Strike          Conj/Tloc      38%        3d9       14%         2
 Portal Projectile        Hex/Tloc       38%        N/A       28%         3
 Kindle Blastsparks       Fire/Tloc/Air  24%        2d12      58%         3
 Dispersal                Tloc           19%        N/A       71%         6
 Freeze                   Ice            0%         1d3       80%         1
 Kiss of Death            Conj/Necr      0%         2d5       80%         1
 Magic Dart               Conj           0%         1d3       80%         1
 Necrotise                Necr           0%         1d4       80%         1
 Sandblast                Erth           0%         2d4       80%         1
 Shock                    Conj/Air       0%         1d3       80%         1
 Slow                     Hex            0%         N/A       80%         1
 Sting                    Tmut/Pois      0%         1d3       80%         1
 Summon Small Mammal      Summ           0%         N/A       80%         1
 Ensorcelled Hibernation  Hex/Ice        0%         N/A       91%         2
 Passwall                 Tmut/Erth      0%         N/A       91%         2
 Searing Ray              Conj           0%         2d4       91%         2
 Static Discharge         Conj/Air       0%         2-2/arc   91%         2
 Sublimation of Blood     Necr           0%         N/A       91%         2
 Call Canine Familiar     Summ           0%         N/A       99%         3
 Confusing Touch          Hex            0%         N/A       99%         3
 Dazzling Flash           Conj/Hex       0%         N/A       99%         3
 Frozen Ramparts          Ice            0%         1d1       99%         3
 Hailstorm                Conj/Ice       0%         3d3       99%         3
 Ignite Poison            Fire/Tmut/Pois 0%         N/A       99%         3
 Inner Flame              Hex/Fire       0%         N/A       99%         3
 Spider Form              Tmut/Pois      0%         N/A       99%         3
 Stone Arrow              Conj/Erth      0%         3d7       99%         3
 Summon Guardian Golem    Hex/Summ       0%         N/A       99%         3
 Tukima's Dance           Hex            0%         N/A       99%         3
 Vampiric Draining        Necr           0%         2d6       99%         3
 Anguish                  Hex/Necr       0%         N/A       100%        4
 Animate Armour           Summ/Erth      0%         N/A       100%        4
 Animate Dead             Necr           0%         N/A       100%        4
 Dispel Undead            Necr           0%         3d6       100%        4
 Flame Wave               Conj/Fire      0%         2d4       100%        4
 Fulminant Prism          Conj/Hex       0%         3d5       100%        4
 Olgreb's Toxic Radiance  Pois           0%         N/A       100%        4
 Petrify                  Tmut/Erth      0%         N/A       100%        4
 Sticky Flame             Conj/Fire      0%         2d3       100%        4
 Summon Ice Beast         Ice/Summ       0%         N/A       100%        4
 Agony                    Necr           0%         N/A       100%        5
 Blade Hands              Tmut           0%         N/A       100%        5
 Fireball                 Conj/Fire      0%         3d3       100%        5
 Freezing Cloud           Conj/Ice/Air   0%         6-21      100%        5
 Irradiate                Conj/Tmut      0%         3d11      100%        5
 Silence                  Hex/Air        0%         N/A       100%        5
 Summon Mana Viper        Hex/Summ       0%         N/A       100%        5
 Yara's Violent Unravell  Hex/Tmut       0%         3d3       100%        5
 Simulacrum               Ice/Necr       0%         N/A       100%        6
 Starburst                Conj/Fire      0%         6d3       100%        6
 Enfeeble                 Hex            0%         N/A       100%        7
 Haunt                    Necr/Summ      0%         N/A       100%        7
 Monstrous Menagerie      Summ           0%         N/A       100%        7
 Ozocubu's Refrigeration  Ice            0%         4d7       100%        7
 Borgnjor's Revivificati  Necr           0%         N/A       100%        8
 Disjunction              Tloc           19%        N/A       100%        8
 Ignition                 Fire           0%         3d3       100%        8
 Infestation              Necr           0%         N/A       100%        8
 Lehudib's Crystal Spear  Conj/Erth      0%         10d2      100%        8
 Necromutation            Tmut/Necr      0%         N/A       100%        8
 Summon Horrible Things   Summ           0%         N/A       100%        8
 Death's Door             Necr           0%         N/A       100%        9
 Polar Vortex             Ice            0%         N/A       100%        9


Dungeon Overview and Level Annotations

Branches:
Dungeon (15/15)            Temple (1/1) D:4            Lair (5/5) D:8
 Shoals (4/4) Lair:3       Spider (4/4) Lair:2        Slime (5/5) Lair:5
    Orc (2/2) D:10            Elf (3/3) Orc:2        Vaults (5/5) D:14
  Crypt (0/3) Vaults:2     Depths (4/4) D:15           Hell (visited)
    Dis (0/7) Hell            Geh (0/7) Hell            Coc (0/7) Hell
    Tar (0/7) Hell            Zot (5/5) Depths:4    Ossuary (visited)
  IceCv (visited)          WizLab (visited)

Altars:
Ashenzari
Cheibriados
Dithmenos
Elyvilon
Fedhas
Gozag
Hepliaklqana
Kikubaaqudgha
Makhleb
Nemelex Xobeh
Okawaru
Qazlal
Ru
Sif Muna
Trog
Uskayaw
Vehumet
Wu Jian
Xom
Yredelemnul
Zin
The Shining One
Jiyva

Shops:
D:4 [!(((   D:6 ?!=   D:7 ?   D:8 :*   D:9 =[***   D:10 [*   Orc:2 !(:?
Elf:1 ([*   Vaults:1 [   Vaults:2 *   Vaults:3 !([*   Vaults:4 *[

Portals:
Hell: Depths:1 Depths:2 Depths:3 Depths:4
Abyss: Depths:3
Pandemonium: Depths:1 Depths:2
Ziggurat: Depths:1

Annotations:
D:3 1 runed translucent door, Crazy Yiuf
Elf:1 Roxanne
Depths:1 exclusions: great orb of eyes, 2 shining eyes and 1 more exclusion
Zot:3 1 runed translucent door, Gofuck's ghost, veteran DgAE


Innate Abilities, Weirdness & Mutations

You are completely covered in rugged brown scales. (AC +3, +7% HP)
Armour fits poorly on your strangely shaped body.
You have a long armoured tail.
You roll when moving toward enemies. (Rampage)
Your long tongue fully drains potion bottles. (2x potion effects)
Your tongue gives you trouble enunciating. (1.5x scroll delay)
Your mind is acute. (Int +4, Str/Dex -1)
Your body often deteriorates upon taking damage.
You are frail. (-10% HP)
Your magical capacity is very low. (-20% MP)
You are strong-willed. (Will+)
You have hidden genetic potential.
You passively dampen the noise of your surroundings.


Message History

You slice the orange demon!! You freeze the orange demon.
The orange demon is heavily wounded.
The orange demon is no longer paralysed.
You block the orange demon's attack.
PANG!
You block the orange demon's attack.
PANG!
You hear a shout!
You slice the orange demon!! You freeze the orange demon!
You kill the orange demon!
No target in view!
No target in view!
No target in view!
No target in view!
No target in view!
No target in view!
No target in view!
No target in view!
No target in view!
(D) Dungeon (T) Temple (L) Lair (A) Shoals (N) Spider Nest (M) Slime Pits (O) Orcish Mines (E) Elven Halls (V) Vaults (C) Crypt (U) Depths (H) Hell (I) Dis (G) Gehenna (X) Cocytus (Y) Tartarus (Z) Zot
Where to? (Enter - D:1 @ (x,y), ? - help)
What level of the Dungeon? (default 1, ? - help)
There is a stone staircase leading up here.
You climb upwards.
Level annotation: 1 runed translucent door, Crazy Yiuf
There is a stone staircase leading down here.
There is a stone staircase leading up here.
You climb upwards.
There is a stone staircase leading down here.
There is a stone staircase leading up here.
You climb upwards.
There is a stone staircase leading down here.
You open the door.
There is an open door here.
There is a fountain of clear blue water here.
There is a staircase leading out of the dungeon here.
You have escaped!

###............#'#..#.#..)#..##
#.)...........##.####......#..##
....#.##......##.##............##
#####..#......#...###............
##.#......#...###........##).
#.#.....##...##.......#.....
####...#####..⌠..#####......>..
#.....###...........###....##..
#.##..'.....⌠.@.⌠.....'...#####
###.##..###...........###..## #
#........#####..⌠..#####..##
....#....# ##...###....##
..###...## #...#...##.# ### #...#
#...#.####.# #...# ##.##.# #.#
##### #.##.# #.# #'#..#
#.########


There were no monsters in sight!

Vanquished Creatures
  the Royal Jelly (Slime:5)
  Dissolution (Slime:5)
  4 orbs of fire
  6 dread liches
  7 ancient liches
  A juggernaut (Depths:2)
  Vv (Depths:2)
  Sojobo (Depths:4)
  Parghit (Zot:1)
  The ghost of Bipeafy the Slayer, a veteran MiAE of Okawaru (Vaults:3)
  Boris (twice) (Vaults:2 Depths:4)
  Geryon (Hell)
  Bai Suzhen (Shoals:3)
  Xtahua (Vaults:2)
  8 Killer Klowns
  Saint Roka (Vaults:1)
  4 caustic shrikes (Depths:4)
  8 golden dragons
  Arachne (Spider:1)
  6 electric golems
  A Brimstone Fiend (D:15)
  17 tentacled monstrosities
  27 Orb Guardians
  An Ice Fiend (D:10)
  Asterion (Vaults:1)
  5 titans
  4 liches
  2 deep elf master archers (Elf:3)
  2 deep elf blademasters
  21 acid blobs
  10 quicksilver dragons
  8 death cobs
  10 sphinxes
  Gastronok (D:10)
  A tentacled starspawn (WizLab)
  10 tengu reavers
  12 storm dragons
  8 draconian monks
  Donald (Lair:3)
  Kirke (Shoals:4)
  9 shadow dragons
  6 rockslimes
  11 draconian knights
  8 azure jellies
  8 fire giants
  9 deep elf sorcerers
  5 emperor scorpions
  22 vault wardens
  5 iron dragons
  A cacodemon (D:4)
  7 draconian scorchers
  8 frost giants
  Louise (Shoals:3)
  21 ironbound preservers
  8 draconian shifters
  8 ghost moths
  2 deep elf elementalists (Elf:3)
  3 balrugs
  3 orc warlords (Vaults:3)
  4 spriggan defenders
  8 draconian stormcallers
  3 reapers
  12 draconian annihilators
  5 war gargoyles
  17 stone giants
  A broodmother (Spider:2)
  9 ironbound thunderhulks
  13 quicksilver oozes
  24 very ugly things
  2 vampire knights
  17 black draconians
  11 green draconians
  6 deep elf demonologists
  A starcursed mass (WizLab)
  15 red draconians
  9 deep elf annihilators
  Azrael (Spider:2)
  An eleionoma (Zot:4)
  4 spark wasps
  19 dire elephants
  20 white draconians
  11 yellow draconians
  36 purple draconians
  2 eidola (Vaults:2)
  4 crystal guardians
  2 iron golems
  14 ettins
  6 merfolk javelineers
  2 blizzard demons (Depths:4)
  6 entropy weavers
  11 deep elf high priests
  A spectral kraken (Shoals:1)
  7 deep elf death magi
  2 spriggan zombies
  15 yaktaur captains
  7 fire dragons
  A quicksilver dragon zombie (Hell)
  5 merfolk impalers
  11 great orbs of eyes
  4 rakshasas
  4 peacekeepers
  5 hydras
  Harold (D:9)
  4 jorogumos
  40 vault guards
  An ogre mage (Vaults:5)
  8 spriggan air magi
  3 hell beasts
  5 ice dragons
  13 ironbound frosthearts
  21 centaur warriors
  5 radroaches
  2 catoblepae
  An alligator snapping turtle (Shoals:3)
  12 deep troll shamans
  2 ghost crabs (Shoals:1)
  5 merfolk avatars
  6 satyrs
  7 merfolk aquamancers
  7 death scarabs (Spider:4)
  A death yak (Lair:4)
  Urug (Lair:4)
  4 vampire magi
  8 boulder beetles
  13 tengu warriors
  2 hell hogs
  10 deep troll earth magi
  9 spriggan berserkers
  25 dancing weapons
  4 hell knights
  6 two-headed ogres
  A thrashing horror (WizLab)
  8 orc high priests
  10 sun demons (Depths:4)
  3 soul eaters
  The ghost of MrSquiggles the Fighter, a novice MiFi of Cheibriados (D:9)
  2 spriggans
  18 deep elf knights
  Amaemon (D:9)
  A spark wasp zombie (Hell)
  8 pharaoh ants
  10 iron trolls
  A golden dragon zombie (Hell)
  A sun moth (Spider:3)
  7 skeletal warriors
  3 sixfirhies
  A shadow wraith (WizLab)
  A salamander mystic (Depths:3)
  An anaconda zombie (Hell)
  4 flayed ghosts
  7 sea snakes
  5 glowing orange brains
  6 orb spiders
  2 obsidian statues
  A deep troll (shapeshifter) (Elf:3)
  12 deep elf archers
  64 deep trolls
  A steelbarb worm (Spider:2)
  7 lindwurms
  A spectral jorogumo (Spider:4)
  5 wizards
  18 orc knights
  2 orange crystal statues (Hell)
  Pikel (D:7)
  22 ironbound convokers
  30 deep elf zephyrmancers
  8 harpies
  9 necromancers
  22 ugly things
  2 sphinx zombies
  A phantasmal warrior (Vaults:3)
  29 deep elf pyromancers
  An oklob plant (Lair:5)
  3 fire giant zombies (Hell)
  A spectral wolf spider (Spider:4)
  31 fauns
  A human zombie (Vaults:3)
  2 orc sorcerers
  A shining eye (shapeshifter) (Vaults:5)
  2 salamanders (Depths:3)
  A salamander (shapeshifter) (Depths:4)
  16 wolf spiders
  7 cyclopes
  8 shining eyes
  3 black mambas
  An iron dragon skeleton (Depths:3)
  25 manticores
  A tengu skeleton (Vaults:4)
  3 frost giant zombies
  3 merfolk sirens
  2 human skeletons
  42 moths of wrath
  A toenail golem (Zot:2)
  5 worldbinders (WizLab)
  4 elephants (Lair:5)
  A stone giant skeleton (WizLab)
  13 vault sentinels
  5 ice statues
  7 water nymphs
  3 eyes of devastation (Slime:5)
  A gargoyle (D:12)
  2 molten gargoyles
  A rust devil (Hell)
  A spectral redback (Spider:4)
  2 torpor snails
  4 orange demons
  14 cane toads
  5 smoke demons
  7 demonic crawlers
  An efreet (D:13)
  A rime drake (shapeshifter) (Vaults:5)
  2 hellions (Hell)
  A tormentor (Depths:4)
  4 komodo dragons
  2 ice devils (Lair:5)
  A spectral merfolk (Shoals:1)
  A rime drake (Lair:1)
  5 freezing wraiths
  A redback zombie (Spider:4)
  39 yaktaurs
  A spectral harpy (Shoals:1)
  6 tengu conjurers
  A hellwing (WizLab)
  2 spectral water nymphs (Shoals:1)
  28 merfolk
  A meliai (D:13)
  Prince Ribbit (D:9)
  2 tyrant leeches (Lair:5)
  2 hydra zombies (Hell)
  3 spectral jumping spiders (Spider:4)
  6 wind drakes
  82 slime creatures
  A wind drake (shapeshifter) (Elf:1)
  11 trolls
  5 hornets
  18 blink frogs
  3 polar bears
  3 spectral tarantellas (Spider:4)
  2 tarantella zombies (Spider:4)
  A hydra skeleton (Hell)
  A spectral manticore (Shoals:1)
  24 tarantellas
  6 dream sheep
  A stone giant simulacrum (Vaults:4)
  A raiju (WizLab)
  8 snapping turtles
  2 jumping spider zombies (Spider:4)
  17 jumping spiders
  A vampire (D:13)
  Eustachio (D:5)
  20 culicivoras
  3 air elementals
  A wraith (D:13)
  2 wyverns (D:9)
  8 fire elementals
  4 hogs
  22 water elementals
  19 yaks
  A basilisk (shapeshifter) (Vaults:5)
  4 golden eyes (Slime:5)
  6 basilisks
  A human simulacrum (Vaults:4)
  46 redbacks
  A redback (shapeshifter) (Depths:2)
  A harpy simulacrum (IceCv)
  22 vampire mosquitoes
  A glowing shapeshifter zombie (Vaults:3)
  An elf skeleton (Vaults:3)
  An acid dragon (D:14)
  Edmund (D:5)
  3 wargs
  6 spatial vortices (WizLab)
  16 water moccasins
  3 hydra simulacra
  8 hell hounds
  Duvessa (D:7)
  2 floating eyes (Slime:5)
  40 orc warriors
  4 ice beasts
  3 sky beasts
  4 black bears
  6 ogres
  3 wolves (Lair:3)
  10 boggarts
  5 centaurs
  3 phantoms (D:5)
  A spectral cyclops (Shoals:1)
  4 kobold brigands
  3 elf zombies (Ossuary)
  4 gnoll sergeants
  4 necrophages
  A cane toad simulacrum (IceCv)
  16 bullfrogs
  2 earth elementals
  A scorpion (D:4)
  3 wights (D:6)
  Dowan (D:7)
  7 tengu zombies
  2 elephant simulacra (IceCv)
  14 killer bees
  5 howler monkeys
  3 electric eels (Lair:5)
  2 centaur zombies (Ossuary)
  A quasit (D:4)
  2 jellies
  31 orc priests
  6 hounds
  2 iron imps
  2 iguanas
  19 orc wizards
  A polar bear simulacrum (IceCv)
  3 wolf simulacra (IceCv)
  2 mummies (Ossuary)
  Robin (D:3)
  13 gnolls
  14 adders
  6 shadow imps
  5 white imps
  4 ufetubi
  2 adder zombies (Ossuary)
  2 worms
  A dart slug (D:4)
  90 orcs
  8 ball pythons
  3 endoplasms
  6 giant cockroaches
  14 goblins
  9 hobgoblins
  6 jackals
  11 kobolds
  6 quokkas
  5 bats
  3 frilled lizards (D:2)
  3 goblin zombies
  10 hobgoblin zombies (Ossuary)
  A jackal zombie (Ossuary)
  2 kobold skeletons (D:7)
  9 kobold zombies
  An orc skeleton (D:7)
  7 orc zombies (Ossuary)
  4 rats
  A rat zombie (Ossuary)
2466 creatures vanquished.

Vanquished Creatures (collateral kills)
  A tentacled monstrosity (Vaults:5)
  An azure jelly (Slime:2)
  A vault warden (Vaults:5)
  2 fire giants (Vaults:5)
  A vault sentinel (Vaults:5)
  2 slime creatures (Slime:2)
8 creatures vanquished.

Vanquished Creatures (others)
  A dread lich (Vaults:5)
  A lich (Vaults:4)
  An eldritch tentacle (WizLab)
  A shadow dragon (Zot:3)
  A fire giant (Depths:1)
  An ogre mage (D:13)
  2 deep elf knights (Elf:2)
  A cane toad (Lair:5)
  A freezing wraith (Vaults:5)
  A merfolk (Shoals:4)
  A spriggan (Depths:1)
  A redback (Spider:2)
  An orc wizard (D:8)
  A goblin (D:3)
  2 bushes (D:8)
  12 demonic plants (D:4)
  24 fungi
  311 plants
  2 starspawn tentacles (WizLab)
  8 tentacles (Shoals:1)
  22 withered plants
396 creatures vanquished.

Grand Total: 2870 creatures vanquished

Notes
Turn   | Place    | Note
-------+----------+-------------------------------------------
     0 | D:1      | ragingrage the Armataur Brigand began the quest for the
                  | Orb.
     0 | D:1      | Reached XP level 1. HP: 18/18 MP: 1/1
   126 | D:1      | Reached XP level 2. HP: 25/25 MP: 2/2
   511 | D:2      | Reached XP level 3. HP: 31/31 MP: 3/3
   747 | D:2      | Reached skill level 5 in Stealth
   749 | D:2      | Found a burning altar of Makhleb.
   753 | D:2      | Identified the +4 mace of Ruhyf {freeze, +Blink rF+}
   883 | D:2      | Reached XP level 4. HP: 38/38 MP: 4/4
  1188 | D:3      | Noticed Robin
  1206 | D:3      | Killed Robin
  1260 | D:3      | Found a white marble altar of Elyvilon.
  1370 | D:3      | Found a runed translucent door.
  1371 | D:3      | Noticed Crazy Yiuf
  1670 | D:4      | Found a sand-covered staircase.
  1676 | Ossuary  | Entered an ossuary
  1720 | Ossuary  | Reached XP level 5. HP: 43/43 MP: 5/5
  1887 | Ossuary  | Reached XP level 6. HP: 50/51 MP: 6/6
  1949 | Ossuary  | Reached skill level 5 in Short Blades
  2030 | D:4      | Found a bloodstained altar of Trog.
  2084 | D:4      | Found Nymicaam's Antique Weapon Shoppe.
  2098 | D:4      | Found Ilutekav's Antique Weapon Shoppe.
  2104 | D:5      | Entered Level 5 of the Dungeon
  2130 | D:5      | Reached XP level 7. HP: 56/56 MP: 7/7
  2398 | D:5      | Noticed Eustachio
  2402 | D:5      | Noticed Edmund
  2413 | D:6      | Found Xaciunuw's Distillery.
  2435 | D:6      | Bought a potion of curing for 39 gold pieces
  2435 | D:6      | Bought a potion of might for 52 gold pieces
  2435 | D:6      | Bought 2 potions of degeneration for 26 gold pieces
  2874 | D:6      | Found a sacrificial altar of Ru.
  2924 | D:4      | Found Cyguatt's Antique Armour Boutique.
  2966 | D:4      | Found a staircase to the Ecumenical Temple.
  2997 | D:4      | Noticed a hornet
  3005 | D:4      | Gained mutation: You are agile. (Dex +4, Str/Int -1)
                  | [potion of mutation]
  3005 | D:4      | Gained mutation: You occasionally lose the ability to drink
                  | potions when taking damage. [potion of mutation]
  3005 | D:4      | Gained mutation: You are very agile. (Dex +8, Str/Int -2)
                  | [potion of mutation]
  3295 | D:3      | Found a glowing silver altar of Zin.
  3339 | D:3      | Reached XP level 8. HP: 64/64 MP: 8/8
  3512 | Temple   | Entered the Ecumenical Temple
  3583 | Temple   | Killed a hornet
  3676 | D:4      | Got the Precepts of Blistering Moulding
  3703 | D:4      | Found Ekkuext's Distillery.
  3720 | D:4      | Bought a potion of lignification for 39 gold pieces
  3846 | D:4      | Found Esiwimp's Antique Weapon Emporium.
  4262 | D:5      | Found a radiant altar of Vehumet.
  4270 | D:5      | Found a hide-covered altar of Uskayaw.
  4313 | D:5      | Became a worshipper of Uskayaw the Reveller
  4318 | D:5      | Reached * piety under Uskayaw
  4337 | D:5      | Reached ** piety under Uskayaw
  4341 | D:5      | Reached *** piety under Uskayaw
  4346 | D:5      | Reached **** piety under Uskayaw
  4356 | D:5      | Reached ***** piety under Uskayaw
  4359 | D:5      | Killed Eustachio
  4510 | D:5      | Reached XP level 9. HP: 45/71 MP: 9/9
  4843 | D:5      | Killed Edmund
  4907 | D:6      | Found Jypugym's Magic Scroll Shoppe.
  4913 | D:6      | Bought a scroll of teleportation for 42 gold pieces
  4913 | D:6      | Bought a scroll of butterflies for 56 gold pieces
  4916 | D:6      | Found Tyoprad's Jewellery Shop.
  5233 | D:7      | Reached skill level 10 in Stealth
  5249 | D:7      | Reached skill level 10 in Short Blades
  5257 | D:7      | Noticed a two-headed ogre
  5264 | D:7      | Noticed a manticore
  5277 | D:7      | Reached ****** piety under Uskayaw
  5290 | D:7      | Killed a two-headed ogre
  5305 | D:7      | Killed a manticore
  5306 | D:7      | Reached XP level 10. HP: 36/78 MP: 10/10
  5445 | D:7      | Found a glowing golden altar of the Shining One.
  5514 | D:7      | Found Neintika's Magic Scroll Boutique.
  5545 | D:7      | Noticed Duvessa
  5545 | D:7      | Noticed Dowan
  5857 | D:7      | Noticed Pikel
  5906 | D:8      | Found Faxaucow's Book Shoppe.
  5947 | D:8      | Found Lopis's General Store.
  6432 | D:7      | Found a shadowy altar of Dithmenos.
  6449 | D:7      | Killed Pikel
  6632 | D:7      | Noticed Maggie
  6731 | D:4      | Bought a jewelled long sword for 144 gold pieces
  6731 | D:4      | Identified the +7 long sword "Buuhop" {freeze, +Blink rC+
                  | rCorr Stlth-} (You bought it in a shop on level 4 of the
                  | Dungeon)
  6822 | D:7      | Maggie changed into Maggie the sky beast
  6822 | D:7      | Noticed Maggie
  6829 | D:7      | Killed Maggie the sky beast
  7132 | D:8      | Found a shimmering blue altar of Sif Muna.
  7157 | D:8      | HP: 2/78 [yak (13)]
  7240 | D:9      | Found an opulent altar of Gozag.
  7240 | D:9      | Noticed Harold
  7242 | D:9      | Found an opulent altar of Gozag.
  7243 | D:9      | Killed Harold
  7248 | D:9      | Found an opulent altar of Gozag.
  7255 | D:9      | Found an opulent altar of Gozag.
  7276 | D:9      | Found Kesuyxev's Assorted Antiques.
  7276 | D:9      | Noticed Prince Ribbit
  7280 | D:9      | Killed Prince Ribbit
  7392 | D:9      | Noticed Amaemon
  7393 | D:9      | Found Kinnyobi's Antique Armour Emporium.
  7393 | D:9      | Noticed an orange demon
  7419 | D:10     | Entered Level 10 of the Dungeon
  7419 | D:10     | Found an ornate altar of the Wu Jian Council.
  7478 | D:10     | Noticed Gastronok
  7599 | D:11     | Noticed a two-headed ogre
  7895 | D:8      | Found a staircase to the Lair.
  8198 | D:7      | Found a shadowy altar of Dithmenos.
  8339 | D:7      | Found Neintika's Magic Scroll Boutique.
  8397 | D:7      | Found a glowing golden altar of the Shining One.
  8416 | D:7      | Reached XP level 11. HP: 88/89 MP: 11/11
  8993 | D:9      | Found Tuapefergh's Gadget Gallery.
  9044 | D:9      | Found a transporter.
  9044 | D:9      | Noticed MrSquiggles's ghost (novice MiFi)
  9048 | D:9      | Noticed a wizard
  9089 | D:9      | Found Aniawuih's Assorted Antiques.
  9106 | D:9      | Found a transporter.
  9180 | D:9      | Reached skill level 1 in Invocations
  9246 | D:9      | Killed Amaemon
  9247 | D:9      | Reached skill level 1 in Long Blades
  9316 | D:9      | Found Tuolehoi's Jewellery Shoppe.
  9352 | D:9      | Found a faded altar of an unknown god.
  9352 | D:9      | Found a hazy altar of Hepliaklqana.
  9352 | D:9      | Found a faded altar of an unknown god.
  9640 | D:10     | Found Zetaluf's Antique Armour Shop.
  9645 | D:10     | Bought a distressingly furry robe for 182 gold pieces
  9645 | D:10     | Identified the +2 robe "Ithroxtow" {rCorr Int-2 Dex+6} (You
                  | bought it in a shop on level 10 of the Dungeon)
  9876 | D:10     | Found Byec's Assorted Antiques.
  9914 | D:10     | Reached skill level 5 in Fighting
  9979 | D:10     | Found a staircase to the Orcish Mines.
  9989 | D:10     | Reached skill level 2 in Invocations
 10419 | D:10     | Reached skill level 1 in Shields
 10583 | D:11     | Killed a two-headed ogre
 10835 | D:11     | Reached skill level 5 in Armour
 10835 | D:11     | Reached skill level 3 in Invocations
 11308 | Lair:1   | Entered Level 1 of the Lair of Beasts
 11673 | Lair:1   | Found a basalt altar of Yredelemnul.
 11850 | Lair:1   | Reached XP level 12. HP: 86/103 MP: 14/14
 12247 | Lair:2   | Reached skill level 4 in Invocations
 12304 | Lair:2   | Found a hole to the Spider Nest.
 12375 | Lair:2   | Noticed a catoblepas
 12417 | Lair:2   | Killed a catoblepas
 13217 | Lair:3   | Found a staircase to the Shoals.
 13569 | Lair:4   | Noticed a boulder beetle
 13593 | Lair:4   | Killed a boulder beetle
 13594 | Lair:4   | Reached skill level 5 in Invocations
 13647 | Lair:4   | Found a transporter.
 13647 | Lair:4   | Noticed a boulder beetle
 13648 | Lair:4   | Found a transporter.
 13648 | Lair:4   | Noticed a boulder beetle
 13649 | Lair:4   | Noticed a boulder beetle
 13744 | Lair:4   | Reached skill level 5 in Shields
 13887 | Lair:4   | Noticed a six-headed hydra
 14072 | D:4      | Bought a crystal scimitar for 207 gold pieces
 14072 | D:4      | Identified the +2 scimitar of Honour {spect, Int+5} (You
                  | bought it in a shop on level 4 of the Dungeon)
 14232 | D:4      | Bought a pair of embroidered gloves for 157 gold pieces
 14328 | D:9      | Bought a clear potion for 32 gold pieces
 14329 | D:9      | Reached skill level 10 in Long Blades
 14329 | D:9      | Reached XP level 13. HP: 114/114 MP: 16/16
 14329 | D:9      | Reached XP level 14. HP: 123/123 MP: 17/17
 14457 | D:4      | Bought a potion of might for 52 gold pieces
 14886 | Lair:4   | Noticed Urug
 14903 | Lair:4   | Killed Urug
 15301 | Lair:5   | Entered Level 5 of the Lair of Beasts
 15345 | Lair:5   | Found a frozen archway.
 15364 | IceCv    | Entered an ice cave
 15781 | Lair:5   | Found a staircase to the Slime Pits.
 15781 | Lair:5   | Found a viscous altar of Jiyva.
 15964 | Lair:5   | Reached skill level 6 in Invocations
 16197 | Lair:5   | Reached XP level 15. HP: 103/132 MP: 19/19
 17069 | Orc:1    | Entered Level 1 of the Orcish Mines
 17331 | Orc:1    | Reached skill level 10 in Fighting
 17508 | D:4      | Bought a brightly glowing ring mail for 189 gold pieces
 17508 | D:4      | Identified the +1 ring mail of Deariquz {+Blink Fly Int+7
                  | Dex-3} (You bought it in a shop on level 4 of the Dungeon)
 17511 | D:4      | Bought a slimy robe for 119 gold pieces
 17511 | D:4      | Identified the +2 robe "Fecuxtus" {Will+++ Str+4} (You
                  | bought it in a shop on level 4 of the Dungeon)
 17511 | D:4      | Bought a fabulously ornate robe for 119 gold pieces
 17511 | D:4      | Identified the +2 robe "Joicvimi" {-Cast Harm Str+3 Dex+4}
                  | (You bought it in a shop on level 4 of the Dungeon)
 17612 | Orc:2    | Entered Level 2 of the Orcish Mines
 17751 | Orc:2    | Reached skill level 7 in Invocations
 17872 | Orc:2    | Found a staircase to the Elven Halls.
 18397 | Orc:2    | Lost mutation: You are very agile. (Dex +8, Str/Int -2)
                  | [potion of mutation]
 18397 | Orc:2    | Lost mutation: You occasionally lose the ability to drink
                  | potions when taking damage. [potion of mutation]
 18397 | Orc:2    | Lost mutation: You are agile. (Dex +4, Str/Int -1) [potion
                  | of mutation]
 18397 | Orc:2    | Gained mutation: You are strong-willed. (Will+) [potion of
                  | mutation]
 18397 | Orc:2    | Gained mutation: Your spells are a little harder to cast,
                  | but a little more powerful. [potion of mutation]
 18397 | Orc:2    | Gained mutation: Your flesh is cold resistant. (rC+)
                  | [potion of mutation]
 18397 | Orc:2    | Lost mutation: Your spells are a little harder to cast, but
                  | a little more powerful. [potion of mutation]
 18397 | Orc:2    | Gained mutation: You are highly strong-willed. (Will++)
                  | [potion of mutation]
 18397 | Orc:2    | Gained mutation: You have large cloven feet. [potion of
                  | mutation]
 18775 | Orc:2    | Gained mutation: You occasionally shout uncontrollably at
                  | your foes. [a neqoxec]
 18935 | Orc:2    | Reached skill level 8 in Invocations
 18935 | Orc:2    | Found Kerit's Book Shop.
 18935 | Orc:2    | Found Irej's Magic Scroll Shop.
 18936 | Orc:2    | Found Wefilo's Distillery.
 18936 | Orc:2    | Found Juux's Antique Weapon Boutique.
 18990 | Orc:2    | Bought a potion of berserk rage for 55 gold pieces
 19142 | D:4      | Bought a warped scale mail for 189 gold pieces
 19142 | D:4      | Identified the +7 scale mail "Utirhem" {Int+3} (You bought
                  | it in a shop on level 4 of the Dungeon)
 19201 | D:6      | Bought a potion of haste for 130 gold pieces
 19201 | D:6      | Bought a potion of curing for 39 gold pieces
 19279 | D:12     | Found a radiant altar of Vehumet.
 19483 | D:12     | Reached skill level 1 in Dodging
 20432 | D:10     | Killed Gastronok
 20505 | D:10     | Found the +18 shield of the Gong {rElec rN+ Will+ EV-5}
 20597 | D:13     | Found a basalt altar of Yredelemnul.
 20598 | D:13     | Found a stormy altar of Qazlal.
 20618 | D:13     | Found a bloodstained altar of Trog.
 20619 | D:13     | Found an opulent altar of Gozag.
 20842 | D:13     | Reached skill level 9 in Invocations
 20874 | D:13     | Identified the +5 morningstar "Koivvebo" {vorpal, +Blink
                  | Str+4}
 20882 | D:12     | Reached XP level 16. HP: 108/143 MP: 22/22
 21221 | D:13     | Reached skill level 10 in Shields
 21231 | D:13     | Identified the +6 falchion of Fuuhosuth {freeze, Fly rElec
                  | rPois}
 21304 | D:13     | Found an ancient bone altar of Kikubaaqudgha.
 21529 | D:13     | Got Nyskuer's Secrets of Polar Orientation
 21815 | D:10     | Bought a faintly glowing chain mail for 180 gold pieces
 21815 | D:10     | Identified the +7 chain mail "Ideshimura" {rElec Will+
                  | Slay-6 Stlth+} (You bought it in a shop on level 10 of the
                  | Dungeon)
 21880 | D:10     | Bought a glowing cloak for 240 gold pieces
 22141 | D:14     | Found a shimmering altar of Xom.
 22142 | D:14     | Found a shimmering altar of Xom.
 22142 | D:14     | Found a shimmering altar of Xom.
 22142 | D:14     | Found a shimmering altar of Xom.
 22556 | D:13     | Reached skill level 10 in Invocations
 23012 | D:14     | Found a gate to the Vaults.
 23370 | D:15     | Entered Level 15 of the Dungeon
 23735 | D:15     | Reached skill level 10 in Armour
 24371 | D:15     | Found Onioq's Weapon Shop.
 24397 | D:15     | Found a staircase to the Depths.
 25252 | Spider:1 | Entered Level 1 of the Spider Nest
 27103 | Spider:2 | Noticed Arachne
 27162 | Spider:1 | Killed Arachne
 27236 | Spider:1 | Reached XP level 17. HP: 142/156 MP: 24/24
 27306 | Spider:2 | Noticed Azrael
 28886 | Spider:2 | Killed Azrael
 30198 | Spider:3 | Reached skill level 11 in Invocations
 31359 | D:9      | Bought a glimmering chain mail for 342 gold pieces
 31359 | D:9      | Identified the +3 chain mail of Greed {Str+2} (You bought
                  | it in a shop on level 9 of the Dungeon)
 31548 | Spider:4 | Entered Level 4 of the Spider Nest
 31930 | Spider:4 | Reached skill level 5 in Throwing
 33540 | Shoals:1 | Entered Level 1 of the Shoals
 33550 | Shoals:1 | Noticed Donald
 33796 | Lair:3   | Killed Donald
 34466 | Shoals:1 | Reached skill level 12 in Invocations
 34712 | Shoals:1 | Reached XP level 18. HP: 167/168 MP: 27/27
 37384 | Shoals:3 | Noticed Bai Suzhen
 37397 | Shoals:2 | Reached skill level 1 in Evocations
 37860 | Shoals:3 | Noticed Louise
 38098 | Shoals:3 | Identified the +3 battleaxe of Cec Rud {drain, rC+ rCorr}
 38203 | Shoals:3 | Reached skill level 13 in Invocations
 38300 | Shoals:3 | Killed Bai Suzhen
 38308 | Shoals:3 | Killed Louise
 38929 | Shoals:4 | Entered Level 4 of the Shoals
 39568 | Shoals:4 | Noticed Kirke
 39840 | Shoals:4 | Identified the +8 chain mail of Watchfulness {rPois rF-
                  | Int+4}
 40438 | Shoals:4 | Killed Kirke
 40946 | Shoals:4 | Got a barnacled rune of Zot
 41940 | Spider:4 | Reached XP level 19. HP: 179/179 MP: 29/29
 41972 | Spider:4 | Got a gossamer rune of Zot
 42585 | Elf:1    | Entered Level 1 of the Elven Halls
 42645 | Elf:1    | Reached skill level 5 in Evocations
 42655 | Elf:1    | Reached skill level 15 in Shields
 42765 | Elf:1    | Got Vehumet's Teachings on Conflict
 42798 | Elf:1    | Found Rulaq's Antique Weapon Emporium.
 42800 | Elf:1    | Found Naceucos's Armour Shoppe.
 42802 | Elf:1    | Found Iqun's General Store.
 42845 | Elf:1    | Reached skill level 15 in Fighting
 42845 | Elf:1    | Reached skill level 14 in Invocations
 43131 | Elf:1    | Identified Roxanne's Secrets of Earth
 43131 | Elf:1    | Noticed Roxanne
 43585 | Elf:2    | Identified a scroll of acquirement
 43597 | Elf:2    | Acquired a +0 helmet of see invisible
 43691 | Elf:2    | Found a shimmering blue altar of Sif Muna.
 43930 | Elf:3    | Entered Level 3 of the Elven Halls
 45082 | Elf:3    | Identified the +0 plate armour of the Armadillo {rElec
                  | rPois rF- Dex+2}
 45131 | Elf:3    | Identified the amulet of Peor {Reflect rPois rF++ SH+5
                  | SInv}
 45338 | Elf:3    | Identified the +6 demon trident of the Ancients {vamp,
                  | *Rage Fly rC+ Will+}
 45344 | Elf:3    | Identified the +5 halberd "Jitu" {vorpal, Contam rPois rC+
                  | Str+3}
 45451 | Elf:3    | Got the Textbook on Guile
 45465 | Elf:3    | Identified the +2 arbalest of Sandy Exoneration {drain, rF-
                  | Int+5}
 45622 | Elf:3    | Got the Cyclopedia of Harmful Mustering
 45661 | Elf:3    | Identified the +5 spear of Righteous Anger {venom, +Blink
                  | rElec rPois Str-2}
 45667 | Elf:3    | Identified the +2 pair of boots of Valour {+Inv rN+ Int+3
                  | Dex-5}
 45952 | Elf:2    | Reached XP level 20. HP: 170/190 MP: 31/31
 45962 | Elf:2    | Reached skill level 15 in Invocations
 46344 | Elf:2    | Found a runed translucent gate.
 46348 | Elf:2    | Found a runed translucent gate.
 46350 | Elf:2    | Found a runed translucent gate.
 46534 | Elf:2    | Paralysed by an air elemental for 1 turns
 46956 | Vaults:1 | Entered Level 1 of the Vaults
 47074 | Vaults:1 | Noticed Asterion
 47105 | Vaults:1 | Killed Asterion
 47105 | Vaults:1 | Found Begesaz's Antique Armour Emporium.
 47426 | Vaults:1 | Found a magical portal.
 47441 | WizLab   | Entered The Roulette of Golubria
 47441 | WizLab   | Found a transporter.
 47478 | WizLab   | Found a corrupted altar of Lugonu.
 47525 | WizLab   | Found a corrupted altar of Lugonu.
 47573 | WizLab   | Found a transporter.
 47590 | WizLab   | Found a transporter.
 47685 | WizLab   | Found a transporter.
 47685 | WizLab   | Found a transporter.
 47820 | WizLab   | Found a transporter.
 47969 | WizLab   | Found a transporter.
 47969 | WizLab   | Found a transporter.
 48002 | WizLab   | Found a transporter.
 48028 | WizLab   | Found a transporter.
 48028 | WizLab   | Found a transporter.
 48056 | WizLab   | Found a transporter.
 48056 | WizLab   | Found a transporter.
 48059 | WizLab   | Paralysed by an air elemental for 1 turns
 48085 | WizLab   | Found a transporter.
 48085 | WizLab   | Found a transporter.
 48141 | WizLab   | Found a transporter.
 48141 | WizLab   | Found a transporter.
 48269 | WizLab   | Found a transporter.
 48316 | WizLab   | Found a transporter.
 48316 | WizLab   | Found a transporter.
 48637 | Vaults:1 | Identified the +10 hand axe "Qeudank" {vorpal, Str+3}
 48843 | Elf:1    | Bought a scroll of enchant weapon for 112 gold pieces
 48843 | Elf:1    | Bought a wand of quicksilver (4) for 252 gold pieces
 49402 | Orc:2    | Bought a potion of resistance for 110 gold pieces
 49402 | Orc:2    | Bought a potion of invisibility for 88 gold pieces
 49402 | Orc:2    | Bought a potion of curing for 33 gold pieces
 49402 | Orc:2    | Bought a potion of mutation for 88 gold pieces
 49402 | Orc:2    | Bought a potion of attraction for 33 gold pieces
 49407 | Orc:2    | Bought a scroll of poison for 44 gold pieces
 49407 | Orc:2    | Bought a scroll of magic mapping for 82 gold pieces
 49407 | Orc:2    | Bought a scroll of enchant armour for 82 gold pieces
 49587 | D:4      | Bought a potion of attraction for 39 gold pieces
 49587 | D:4      | Bought a potion of curing for 39 gold pieces
 49587 | D:4      | Bought a potion of ambrosia for 104 gold pieces
 49587 | D:4      | Bought 2 potions of curing for 78 gold pieces
 49587 | D:4      | Bought a potion of curing for 39 gold pieces
 49690 | D:7      | Bought a scroll of summoning for 123 gold pieces
 49690 | D:7      | Bought a scroll of summoning for 123 gold pieces
 49690 | D:7      | Bought a scroll of blinking for 97 gold pieces
 49690 | D:7      | Bought a scroll of fear for 52 gold pieces
 49690 | D:7      | Bought a scroll of teleportation for 39 gold pieces
 49690 | D:7      | Bought a scroll of enchant armour for 97 gold pieces
 49866 | Vaults:1 | Noticed Saint Roka
 49884 | Vaults:1 | Killed Saint Roka
 49885 | Vaults:1 | Reached skill level 1 in Translocations
 50581 | Vaults:2 | Found Bufittyl's Assorted Antiques.
 50592 | Vaults:2 | Noticed Boris
 50953 | Vaults:2 | Killed Boris
 51180 | Vaults:2 | Reached skill level 5 in Translocations
 51191 | Vaults:2 | Noticed Xtahua
 51443 | Vaults:2 | Reached XP level 21. HP: 182/198 MP: 32/32
 51455 | Vaults:2 | Found a staircase to the Crypt.
 51687 | Vaults:2 | Killed Xtahua
 51900 | Vaults:2 | Identified the +0 scale mail of the Iron City of Dis {Drain
                  | rCorr Str-2 Int+8}
 53014 | Vaults:3 | Found Sosulao's Armour Shop.
 53701 | Vaults:3 | Found Ogecinal's Distillery.
 53709 | Vaults:3 | Bought a potion of curing for 39 gold pieces
 53709 | Vaults:3 | Bought a potion of curing for 39 gold pieces
 53709 | Vaults:3 | Bought a potion of might for 52 gold pieces
 53713 | Vaults:3 | Found Xobbul's Antique Weapon Boutique.
 53763 | Vaults:3 | Reached skill level 15 in Armour
 53835 | Vaults:3 | Found a runed translucent gate.
 53835 | Vaults:3 | Found a runed translucent gate.
 53835 | Vaults:3 | Identified the +2 tower shield of the Stars {rElec Will+++
                  | MP+9 Int-4}
 53835 | Vaults:3 | Noticed Bipeafy's ghost (veteran MiAE)
 53835 | Vaults:3 | Identified the +9 glaive of the Omega Point {flame, rC-
                  | rCorr Str+3}
 53836 | Vaults:3 | Found a runed translucent gate.
 53940 | Vaults:3 | Found Gytity's General Store.
 54582 | D:9      | Killed MrSquiggles's ghost
 54652 | D:9      | Bought a potion of flight for 78 gold pieces
 55324 | Vaults:4 | Reached skill level 5 in Dodging
 55442 | Vaults:4 | Reached skill level 15 in Long Blades
 55776 | Vaults:4 | Reached skill level 16 in Invocations
 55790 | Vaults:4 | Reached XP level 22. HP: 212/212 MP: 34/34
 55846 | Vaults:4 | Identified the +0 chain mail of Dalor {rN+ Dex+2}
 56292 | Vaults:4 | Found Veonwigo's Antique Armour Shoppe.
 56294 | Vaults:4 | Found Ypnonylaup's Assorted Antiques.
 56846 | Depths:1 | Entered Level 1 of the Depths
 56992 | Depths:1 | Found a one-way gateway to a ziggurat.
 56995 | Depths:1 | Paralysed by a floating eye for 2 turns
 57315 | Depths:1 | Reached skill level 15 in Stealth
 57370 | Depths:1 | Found a one-way gate leading to the halls of Pandemonium.
 57374 | Depths:1 | Identified the +11 chain mail of a Million Seers {Will-
                  | Regen+ Dex+4}
 57522 | Depths:1 | Found a gateway to Hell.
 57688 | Depths:1 | Found a blossoming altar of Fedhas.
 58034 | Depths:2 | Noticed a juggernaut
 58051 | Depths:2 | Killed a juggernaut
 58203 | Depths:2 | Learned a level 4 spell: Passage of Golubria
 58212 | Depths:2 | Noticed Vv
 58212 | Depths:2 | Found the +8 Wrath of Trog {antimagic, *Rage Rampage}
 58628 | Depths:2 | Noticed a golden dragon
 58639 | Depths:2 | Killed a golden dragon
 58891 | Depths:2 | Killed Vv
 59188 | Depths:2 | Found an ornate altar of the Wu Jian Council.
 59337 | Depths:3 | Found a sparkling altar of Nemelex Xobeh.
 59362 | Depths:3 | Reached XP level 23. HP: 215/219 MP: 35/35
 59380 | Depths:3 | Reached skill level 17 in Invocations
 59521 | Depths:3 | Noticed a dread lich
 59534 | Depths:3 | Killed a dread lich
 60135 | Depths:3 | Found a one-way gate to the infinite horrors of the Abyss.
 60199 | Depths:4 | Entered Level 4 of the Depths
 60216 | Depths:4 | Noticed a caustic shrike
 60225 | Depths:4 | Noticed Sojobo
 60232 | Depths:4 | Killed a caustic shrike
 60251 | Depths:4 | Killed Sojobo
 60266 | Depths:4 | Noticed a caustic shrike
 60268 | Depths:4 | Killed a caustic shrike
 60283 | Depths:4 | Noticed a caustic shrike
 60298 | Depths:4 | Killed a caustic shrike
 60330 | Depths:4 | Noticed Boris
 60331 | Depths:4 | Reached skill level 18 in Invocations
 60342 | Depths:4 | Killed Boris
 60370 | Depths:4 | Noticed a caustic shrike
 60377 | Depths:4 | Killed a caustic shrike
 60397 | Depths:4 | Found a sparkling altar of Nemelex Xobeh.
 60464 | Depths:4 | Identified the ring "Guazifokh" {Wiz rF+ Str+7}
 60511 | Depths:4 | Got the Tome of Pyromania
 61018 | Vaults:4 | Bought a potion of haste for 290 gold pieces
 61018 | Vaults:4 | Bought a potion of heal wounds for 145 gold pieces
 61281 | D:7      | Killed Dowan
 61323 | D:7      | Killed Duvessa
 61352 | D:6      | Bought 3 scrolls of acquirement for 2184 gold pieces
 61352 | D:6      | Bought a scroll of enchant armour for 105 gold pieces
 61352 | D:6      | Bought a scroll of enchant armour for 105 gold pieces
 61354 | D:6      | Acquired 968 gold pieces
 61355 | D:6      | Acquired the +1 barding "Odwuitru" {rPois Will++ rCorr
                  | Dex-3}
 61356 | D:6      | Acquired the ring of the Bespelled God {rC+ EV+4}
 61664 | Vaults:3 | Killed Bipeafy's ghost
 61681 | Vaults:3 | Reached skill level 19 in Invocations
 62173 | Depths:4 | Found a gate to the Realm of Zot.
 62921 | Slime:1  | Entered Level 1 of the Pits of Slime
 63511 | Elf:1    | Bought 2 silver javelins for 72 gold pieces
 63827 | Slime:1  | Gained mutation: You are weak. (Str -2) [a shining eye]
 63830 | Slime:1  | Gained mutation: You expend magic power (3 MP) to
                  | strengthen your wands. [a shining eye]
 63871 | Slime:2  | Reached skill level 20 in Invocations
 64142 | Slime:2  | Reached XP level 24. HP: 204/228 MP: 37/37
 64269 | Slime:4  | Found a viscous altar of Jiyva.
 64293 | Slime:5  | Entered Level 5 of the Pits of Slime
 64306 | Slime:5  | Paralysed by a floating eye for 4 turns
 64360 | Slime:5  | Noticed Dissolution
 65570 | Slime:5  | Noticed the Royal Jelly
 65653 | Slime:5  | Killed the Royal Jelly
 65737 | Slime:5  | Reached skill level 10 in Evocations
 65742 | Slime:5  | Killed Dissolution
 65837 | Slime:5  | Identified the ring of Tuxylese {EV+4 Dex+6}
 65873 | Slime:5  | Got the Commentary on Damage Dealing
 65877 | Slime:5  | Got a slimy rune of Zot
 65910 | Slime:5  | Identified the +10 scimitar of Capital Punishment {vorpal,
                  | rElec}
 66417 | Zot:1    | Entered Level 1 of the Realm of Zot
 66933 | Zot:1    | Noticed Parghit
 66983 | Zot:1    | Killed Parghit
 67828 | Zot:2    | Noticed a Killer Klown
 68169 | Zot:2    | Killed a Killer Klown
 68170 | Zot:2    | Reached XP level 25. HP: 238/238 MP: 26/37
 68408 | Zot:2    | Noticed a dread lich
 68422 | Zot:2    | Killed a dread lich
 68555 | Zot:2    | Noticed an orb of fire
 68562 | Zot:2    | Gained mutation: You are dopey. (Int -2) [an orb of fire]
 68570 | Zot:2    | Killed an orb of fire
 68811 | Zot:2    | Identified the +3 shortbow "Qemeuw" {vorpal, Contam Dex+7}
 69034 | Zot:3    | Found a runed translucent door.
 69034 | Zot:3    | Found a shimmering altar of Xom.
 69034 | Zot:3    | Noticed Gofuck's ghost (veteran DgAE)
 69034 | Zot:3    | Identified the +7 glaive of Karma {chaos, Int+4}
 69565 | Zot:3    | Noticed a Killer Klown
 69581 | Zot:3    | Killed a Killer Klown
 69655 | Zot:3    | Identified the +7 shortbow of Winter {flame, Dex+5}
 69850 | Zot:3    | Learned a level 2 spell: Blink
 70340 | Zot:4    | Noticed a Killer Klown
 70349 | Zot:4    | a Killer Klown changed into an eleionoma
 70366 | Zot:4    | Reached skill level 10 in Translocations
 70460 | Zot:4    | Noticed a Killer Klown
 70468 | Zot:4    | a Killer Klown changed into a golden dragon
 70610 | Zot:4    | Identified the +7 rapier of the Beast {chaos, rPois rF+
                  | Dex+4 Stlth+}
 70647 | Zot:4    | Reached XP level 26. HP: 222/250 MP: 37/37
 70759 | Zot:4    | Gained mutation: Your magical capacity is low. (-10% MP)
                  | [mutagenic glow]
 70772 | Zot:4    | Gained mutation: You are frail. (-10% HP) [mutagenic glow]
 70785 | Zot:4    | Gained mutation: Your body sometimes deteriorates upon
                  | taking damage. [mutagenic glow]
 71220 | Zot:4    | Found the +15 Maxwell's patent armour {-Cast -Tele rElec
                  | Will+ rCorr}
 71332 | Zot:5    | Entered Level 5 of the Realm of Zot
 71858 | Zot:5    | Noticed an ancient lich
 71873 | Zot:5    | Killed an ancient lich
 72066 | Zot:5    | Noticed an orb of fire
 72079 | Zot:5    | Killed an orb of fire
 72087 | Zot:5    | Noticed an orb of fire
 72097 | Zot:5    | Gained mutation: You are very dopey. (Int -4) [an orb of
                  | fire]
 72112 | Zot:5    | Killed an orb of fire
 72396 | Zot:5    | Noticed an ancient lich
 72406 | Zot:5    | Killed an ancient lich
 72407 | Zot:5    | Reached skill level 21 in Invocations
 73126 | Zot:5    | Noticed an ancient lich
 73143 | Zot:5    | Killed an ancient lich
 73691 | Vaults:5 | Entered Level 5 of the Vaults
 73745 | Vaults:5 | Noticed a dread lich
 73747 | Vaults:5 | Noticed a dread lich
 73753 | Vaults:5 | Killed a dread lich
 73762 | Vaults:5 | Killed a dread lich
 73767 | Vaults:5 | Noticed an ancient lich
 73768 | Vaults:5 | Identified the ring "Kilailyi" {rElec rF+ Dex+6}
 73776 | Vaults:5 | Killed an ancient lich
 73814 | Vaults:5 | Reached skill level 22 in Invocations
 73924 | Vaults:5 | Reached XP level 27. HP: 221/238 MP: 34/34
 74289 | Vaults:5 | Identified the +0 leather armour of Somewhere Else {Will+
                  | Dex+4}
 74524 | Vaults:5 | Identified the +9 broad axe of Untruth {venom, Will+}
 74540 | Vaults:5 | Found the +7 great mace "Firestarter" {inner flame, rF++}
 74558 | Vaults:5 | Identified the +5 chain mail of Spring Thaw {Drain Fly
                  | Will+ rCorr}
 74828 | Vaults:5 | Got a silver rune of Zot
 75671 | Zot:5    | Noticed a dread lich
 75671 | Zot:5    | Noticed a dread lich
 75919 | Zot:5    | Noticed a dread lich
 75921 | Zot:5    | Killed a dread lich
 75931 | Zot:5    | Noticed an orb of fire
 75933 | Zot:5    | Gained mutation: Your body often deteriorates upon taking
                  | damage. [an orb of fire]
 75958 | Zot:5    | Killed a dread lich
 75964 | Zot:5    | Gained mutation: Your spells are a little easier to cast,
                  | but a little less powerful. [an orb of fire]
 75969 | Zot:5    | Killed an orb of fire
 75977 | Zot:5    | Noticed an ancient lich
 75983 | Zot:5    | Killed an ancient lich
 75991 | Zot:5    | Killed a dread lich
 75993 | Zot:5    | Noticed an ancient lich
 76003 | Zot:5    | Noticed an ancient lich
 76008 | Zot:5    | Killed an ancient lich
 76015 | Zot:5    | Killed an ancient lich
 76130 | Zot:5    | Reached skill level 23 in Invocations
 77027 | Hell     | Entered the Vestibule of Hell
 77028 | Hell     | Noticed Geryon
 77451 | Depths:4 | Lost mutation: You are weak. (Str -2) [potion of mutation]
 77451 | Depths:4 | Lost mutation: You are very dopey. (Int -4) [potion of
                  | mutation]
 77451 | Depths:4 | Lost mutation: Your spells are a little easier to cast, but
                  | a little less powerful. [potion of mutation]
 77451 | Depths:4 | Lost mutation: You occasionally shout uncontrollably at
                  | your foes. [potion of mutation]
 77451 | Depths:4 | Lost mutation: You expend magic power (3 MP) to strengthen
                  | your wands. [potion of mutation]
 77451 | Depths:4 | Gained mutation: Your magical capacity is very low. (-20%
                  | MP) [potion of mutation]
 77451 | Depths:4 | Gained mutation: You passively dampen the noise of your
                  | surroundings. [potion of mutation]
 77452 | Depths:4 | Lost mutation: You have large cloven feet. [potion of
                  | mutation]
 77452 | Depths:4 | Lost mutation: Your flesh is cold resistant. (rC+) [potion
                  | of mutation]
 77452 | Depths:4 | Lost mutation: You are highly strong-willed. (Will++)
                  | [potion of mutation]
 77452 | Depths:4 | Lost mutation: You are dopey. (Int -2) [potion of mutation]
 77452 | Depths:4 | Gained mutation: You have hidden genetic potential. [potion
                  | of mutation]
 77452 | Depths:4 | Gained mutation: Your mind is acute. (Int +4, Str/Dex -1)
                  | [potion of mutation]
 77683 | Hell     | Killed Geryon
 77844 | Hell     | Found a gateway to the freezing wastes of Cocytus.
 78046 | Hell     | Found a gateway to the Iron City of Dis.
 78106 | Hell     | Found a gateway to the ashen valley of Gehenna.
 78149 | Hell     | Found a gateway to the decaying netherworld of Tartarus.
 78574 | Zot:5    | Got the Orb of Zot
 79275 | D:$      | Escaped with the Orb!

Illustrated notes

Levels and vault maps discovered:
D:1:      evilmike_arrival_plus, layout_rooms, minmay_pentomino_t2
D:2:      layout_loops_ring, basic_altar, serial_bayou_pond_a, minmay_circled_x
D:3:      layout_basic, elyvilon_altar_3, mainiacjoe_overflow_six_doors_small,
          minivault_25, uniq_crazy_yiuf_cottage, uniq_robin
D:4:      layout_basic, trog_hazing_becter, minmay_temple_entry_statues_pillars,
          serial_shops, shop, kennysheep_mini, shop, shop,
          nicolae_shop_window_shopping, serial_demonic, serial_demonic_a,
          serial_demonic_g, serial_demonic_g, serial_demonic_g,
          serial_demonic_d, nicolae_ossuary_entry_plus
D:5:      minmay_bubble_buster, layout_basic, jmf_multi_god_temple, uniq_edmund,
          uniq_eustachio
D:6:      layout_loops_ring, kennysheep_little_box, serial_shops,
          nicolae_stop_n_shop_1, nicolae_lakefront_shop, shop,
          grunt_ministairs_8
D:7:      layout_basic, general_overflow_altar, nicolae_tso_besieged_by_evil,
          serial_shops, shop_statue, uniq_duvessa, uniq_pikel, uniq_maggie
D:8:      layout_rooms, tgw_sif, minmay_lair_entry_grove, serial_shops,
          nicolae_shop_waterfront, shop
D:9:      layout_long_grid, nicolae_gozag_conspicuous_consumption,
          nicolae_hepliaklqana_ecumenical_no_more, gammafunk_ghost_arena,
          special_room [special_room_orc], serial_shops, shop_fountains,
          nicolae_shop_stone, shop, shop, grunt_ministairs_5,
          nicolae_shop_gadgets, uniq_amaemon, uniq_harold, uniq_prince_ribbit1
D:10:     layout_roguey, lemuel_crystal_altar,
          kennysheep_orc_monster_closet_entryway, serial_shops, shop, shop,
          chequers_serial_rivers_micro_e, hellmonk_guarded_unrand_gong,
          uniq_gastronok
D:11:     layout_loops_ring
D:12:     layout_stronghold, chequers_arboretum, vehumet_crystals
D:13:     minmay_the_grid_octo_tiled_octocenter
          [minmay_the_grid_octo_vomiting_pacman, minmay_the_grid_octo_shrine,
          minmay_the_grid_octo_odd_swirl, minmay_the_grid_octo_fat_diamond,
          minmay_the_grid_octo_prize_big_c, minmay_the_grid_square_5x5_slash,
          minmay_the_grid_square_5x5_comb, minmay_the_grid_square_5x5_detours,
          minmay_the_grid_square_5x5_gyroscope], layout_long_grid
D:14:     layout_cross, lightli_vaults_fourway_checkpoint, xom_shifter_show
D:15:     gammafunk_depths_entry_grave, layout_cave_pods, serial_shops,
          nicolae_shop_hallway_plus, minivault_27
Temple:   eino_temple_lava
Lair:1:   layout_cave_shapes, basic_altar, grunt_megastairs_2
Lair:2:   layout_gridlike, hellmonk_spider_entry_life_and_decay,
          lemuel_another_geyser, lemuel_fruit_tree
Lair:3:   layout_cave_shapes, minmay_shoals_entry_lonely_mermaid,
          beast_lair_carwin_4
Lair:4:   gammafunk_boulding_lane, layout_big_grid, kennysheep_catoblepas_arena,
          uniq_urug
Lair:5:   minmay_lair_end_frog_pond, layout_small_grid, slime_entry_1,
          portal_ice_cave_demonic_guard
Shoals:1: layout_shoals, nicolae_shoals_spectral_cove, uniq_donald
Shoals:2: layout_shoals
Shoals:3: layout_shoals, uniq_bai_suzhen, uniq_louise
Shoals:4: shoals_end_grunt_garden, layout_shoals, uniq_kirke
Spider:1: layout_cave_pods, hangedman_spider_tarantella_strand
Spider:2: layout_spider_delve, uniq_arachne, uniq_azrael
Spider:3: layout_spider_delve, nicolae_spider_circle_web,
          nicolae_spider_some_kinda_spiderbox, nicolae_spider_cling_halls
Spider:4: floodkiller_spider_rune_tomb
Slime:1:  layout_caves
Slime:2:  layout_caves
Slime:3:  layout_caves
Slime:4:  layout_caves, basic_altar
Slime:5:  uniq_dissolution
Orc:1:    layout_caves
Orc:2:    st_orc_pillars, layout_diamond_mine
Elf:1:    layout_gridlike, minmay_elf_annihilation, minmay_shop_star,
          uniq_roxanne
Elf:2:    nicolae_elf_blades_splatter_lattice [nicolae_blade_entry_antechamber],
          layout_geoelf_grid, basic_altar, lemuel_elevator
Elf:3:    minmay_elf_hall_not_hex, layout_geoelf_grid, grunt_ministairs_15
Vaults:1: mu_enter_wizlab_4, v_alt_pattern_6, v_misc_24,
          hangedman_vaults_stream, vaults_mumra_hexcomb,
          grunt_vaults_hallway_short, nicolae_vaults_theta,
          ontoclasm_vaults_ring_square, ontoclasm_vaults_loading_screen,
          dpeg_vaults_monster_box, ontoclasm_vaults_ligature,
          ontoclasm_vaults_eye, ontoclasm_vaults_loading_screen,
          vaults_dpeg_encased_lava, layout_vaults_omnicross, serial_shops, shop,
          uniq_saint_roka, uniq_asterion
Vaults:2: nicolae_vaults_network_quincunx
          [nicolae_vaults_network_quincunx_subvault,
          nicolae_vaults_network_quincunx_subvault,
          nicolae_vaults_network_quincunx_subvault,
          nicolae_vaults_network_quincunx_subvault,
          nicolae_vaults_network_quincunx_subvault], v_misc_1, st_more_cells,
          vaults_room_door_hall, ontoclasm_vaults_chip, layout_vaults_big_room,
          minmay_crypt_entry_simple_corners, serial_shops, shop, uniq_boris,
          uniq_xtahua
Vaults:3: biasface_ghost_orc_armoury, st_lines,
          nicolae_vaults_stairing_the_circle, nicolae_vaults_network_square,
          hangedman_vaults_river_flow, v_misc_24, v_misc_32,
          ontoclasm_vaults_bender, v_misc_1, vaults_dpeg_doors,
          ontoclasm_vaults_ring_small, nicolae_vaults_theta,
          ontoclasm_vaults_gateway, nicolae_vaults_three_branches,
          layout_vaults_maze_bifur, serial_shops, nicolae_shop_crystal,
          nicolae_shop_hallway_plus, nicolae_shop_hallway_plus,
          nicolae_shop_trees
Vaults:4: v_misc_17, v_alt_pattern_2, nicolae_vaults_mini_display_case,
          nicolae_vaults_arrows, vaults_mumra_chevron, hangedman_vaults_cutoff,
          v_misc_5, hangedman_vaults_snaps, v_misc_14,
          nicolae_vaults_little_squares_2, nicolae_vaults_theta,
          vaults_dpeg_spiral, layout_vaults_omnibox, serial_shops, shop,
          nicolae_square_shop
Vaults:5
Depths:1: layout_roguey, enter_ziggurat_c, hell_entry, pan_entry,
          minmay_strange_pillars, fedhas_altar_4, kennysheep_random_hallway
Depths:2: evilmike_horseshoe, layout_gridlike, grunt_mini_vestibule, pan_entry,
          nzn_wu_jian_council_hall, minmay_guarded_unrand_wrath_of_trog, uniq_vv
Depths:3: hangedman_cross_cluster, layout_cave_pools, abyss_entry_crystal,
          pf_vacation_house_of_asmodeus, nemelex_xobeh_ov_fountains_minmay,
          serial_bayou_shore_b
Depths:4: grunt_zot_entry_pinwheel, layout_gridlike, hell_entry,
          hex_intersection, argonaut_fire_from_heaven, uniq_sojobo
Hell
Zot:1:    layout_gridlike, grunt_megastairs_3, uniq_parghit
Zot:2:    hangedman_zot_vaults_quadrants, layout_onion_interference,
          st_stairs_11, grunt_ministairs_5
Zot:3:    kennysheep_bubbly, layout_misc_corridors, ebering_ghost_xom
Zot:4:    cheibrodos_zot_enchanting_chambers, layout_basic
Zot:5:    layout_cathedral_of_symmetry

Skill      XL: |  1  2  3  4  5  6  7  8  9 10 11 12 13 14 15 16 17 18 19 20 21 22 23 24 25 26 27 |
---------------+----------------------------------------------------------------------------------+-----
Short Blades   | 2 3 4 5 7 9 11 12 | 12.1
Stealth        | 5 6 7 9 10 12 13 14 15 | 15.0
Fighting       | 4 6 8 9 10 12 13 14 15 17 18 19 20 | 20.9
Armour         | 3 5 7 10 11 13 14 15 16 17 18 19 20 22 | 22.9
Invocations    | 3 5 6 9 10 12 13 14 15 16 20 22 23 | 23.4
Long Blades    | 3 10 11 12 14 15 16 | 16.4
Shields        | 3 5 6 9 12 14 15 16 17 18 19 20 21 | 21.3
Dodging        | 1 3 5 7 8 |  8.0
Throwing       | 6 8 9 |  9.0
Evocations     | 4 8 9 11 12 14 | 14.0
Translocations | 5 13 | 13.0

Action                   |  1- 3 |  4- 6 |  7- 9 | 10-12 | 13-15 | 16-18 | 19-21 | 22-24 | 25-27 || total
-------------------------+-------+-------+-------+-------+-------+-------+-------+-------+-------++-------
Melee: Dagger            |    97 |   302 |   437 |   380 |    59 |    18 |     3 |       |       ||  1296
       Tailslap          |    11 |    40 |    69 |   108 |   181 |   534 |   387 |   379 |   459 ||  2168
       Punch             |       |     7 |    10 |     5 |       |       |       |       |       ||    22
       Long sword        |       |       |       |   238 |   751 |   112 |   715 |       |       ||  1816
       War axe           |       |       |       |       |    20 |       |       |       |       ||    20
       Kick              |       |       |       |       |   147 |  1097 |   811 |   825 |   762 ||  3642
       Scimitar          |       |       |       |       |       |   473 |   177 |       |   202 ||   852
       Falchion          |       |       |       |       |       |  1731 |     2 |       |       ||  1733
       Quick blade       |       |       |       |       |       |       |    44 |    87 |    85 ||   216
       Demon blade       |       |       |       |       |       |       |   681 |  1448 |  1300 ||  3429
 Fire: Hand crossbow     |       |       |       |       |       |    17 |       |       |       ||    17
Throw: Dart              |       |       |     9 |     8 |     7 |    95 |     4 |     5 |     1 ||   129
       Throwing net      |       |       |       |     3 |       |     5 |       |     1 |     2 ||    11
       Javelin           |       |       |       |       |       |       |       |     7 |     1 ||     8
Invok: Stomp             |       |       |       |       |       |    17 |       |     3 |     2 ||    22
       Grand Finale      |       |       |       |       |       |       |     1 |     1 |       ||     2
       Line Pass         |       |       |       |       |       |       |     1 |       |       ||     1
Evoke: Wand              |       |       |       |     1 |     4 |    16 |     1 |     1 |     4 ||    27
       Condenser vane    |       |       |       |       |     1 |     4 |     5 |     5 |     5 ||    20
       Phial of floods   |       |       |       |       |       |     1 |     1 |       |       ||     2
       Box of beasts     |       |       |       |       |       |       |     2 |     2 |     1 ||     5
       Phantom mirror    |       |       |       |       |       |       |       |     1 |     1 ||     2
  Use: Scroll            |       |     2 |     3 |    11 |     4 |     1 |    15 |     8 |     9 ||    53
       Potion            |       |       |     6 |     4 |     3 |     6 |     4 |     3 |    22 ||    48
 Stab: Sleeping          |    12 |    15 |    12 |    36 |    12 |     3 |     4 |     7 |       ||   101
       Paralysed         |       |       |     8 |    28 |    58 |   203 |   184 |   228 |   148 ||   857
       Distracted        |       |       |     8 |     5 |     5 |     3 |     8 |    11 |     5 ||    45
       Held in net/web   |       |       |       |     2 |       |       |       |     2 |       ||     4
       Petrifying        |       |       |       |     1 |       |       |     3 |       |       ||     4
       Petrified         |       |       |       |     1 |       |       |     1 |       |       ||     2
       Confused          |       |       |       |       |     4 |     3 |       |       |       ||     7
       Invisible         |       |       |       |       |       |       |       |       |     8 ||     8
Armor: Robe              |    30 |   127 |   131 |   225 |   162 |       |       |       |       ||   675
       Skin              |       |       |    13 |     3 |       |    32 |       |       |       ||    48
       Scale mail        |       |       |       |       |   105 |   790 |   372 |    48 |       ||  1315
       Chain mail        |       |       |       |       |       |   168 |    93 |   373 |   612 ||  1246
Dodge: Dodged            |    34 |   107 |   117 |   220 |    87 |    40 |    38 |   134 |   298 ||  1075
Block: Kite shield       |       |       |       |   130 |   515 |  3203 |  1665 |  1536 |  1977 ||  9026
       Reflection        |       |       |       |       |       |       |    77 |    23 |    34 ||   134

Table legend: (Time is in decaauts)
 A = Elapsed time spent in this place.
 B = Non-inter-level travel time spent in this place.
 C = Inter-level travel time spent in this place.
 D = Time resting spent in this place.
 E = Time spent auto-exploring this place.
 F = Levels seen in this place.
 G = Mean time per level.
                   A        B        C        D        E       F      G
               +--------+--------+--------+--------+--------+-----+--------+
         Total |  76782 |  61090 |  15692 |  13868 |  30594 |  57 | 1347.1 |
       Dungeon |  21183 |  15082 |   6101 |   2409 |   8802 |  15 | 1412.2 |
        Temple |     99 |     99 |      0 |     28 |     55 |   1 |   99.0 |
          Lair |   7965 |   5311 |   2654 |    832 |   3257 |   5 | 1593.0 |
        Shoals |   6504 |   5554 |    950 |   1788 |   2341 |   4 | 1626.0 |
   Spider Nest |   8068 |   6915 |   1153 |   2489 |   2621 |   4 | 2017.0 |
    Slime Pits |   1766 |   1540 |    226 |    582 |    360 |   5 |  353.2 |
  Orcish Mines |   2310 |   1763 |    547 |    420 |    742 |   2 | 1155.0 |
   Elven Halls |   4155 |   3430 |    725 |    576 |   1840 |   3 | 1385.0 |
        Vaults |   8701 |   7328 |   1373 |   1237 |   4298 |   5 | 1740.2 |
        Depths |   5658 |   4673 |    985 |    872 |   2547 |   4 | 1414.5 |
          Hell |    569 |    529 |     40 |      0 |    331 |   1 |  569.0 |
           Zot |   8204 |   7272 |    932 |   2441 |   2985 |   5 | 1640.8 |
       Ossuary |    287 |    287 |      0 |      0 |     73 |   1 |  287.0 |
      Ice Cave |    340 |    340 |      0 |    119 |      0 |   1 |  340.0 |
        Wizlab |    967 |    967 |      0 |     73 |    340 |   1 |  967.0 |
               +--------+--------+--------+--------+--------+-----+--------+

Top non-repeatable levels by time:
   Zot:5: 2979 daAuts
Spider:2: 2638 daAuts
Spider:4: 2587 daAuts
Vaults:1: 2146 daAuts
Shoals:1: 2127 daAuts
Vaults:3: 2090 daAuts
Shoals:3: 2065 daAuts
     D:7: 2056 daAuts
    D:13: 2039 daAuts
    D:10: 2015 daAuts
    D:15: 1900 daAuts
Spider:1: 1833 daAuts
Depths:2: 1821 daAuts
   Elf:3: 1813 daAuts
   Zot:1: 1790 daAuts
